 Dungeon Crawl Stone Soup version 0.31.0-32-g396128a36d (webtiles) character file.

Game seed: 17626649576331148167

3160388 monsoonserge the Sorcerer (level 27, 209/209 HPs)
             Began as a Djinni Fire Elementalist on Mar 14, 2024.
             Was an Initiate of Gozag.
             Escaped with the Orb
             ... and 5 runes on Mar 15, 2024!
             The game lasted 08:30:00 (71005 turns).

monsoonserge the Sorcerer (DjFE)                   Turns: 71005, Time: 08:30:01

Health: 209/209    AC: 13    Str:  6 (7)  XL:     27
Gold:   9925       EV: 25    Int: 43      God:    Gozag SH: 32 Dex: 22

rFire   + + +        j - +0 broad axe "Jaodueleg" {freeze, ^Drain +Blink Will+++ rCorr}
rCold   + . .        Y - +2 tower shield
rNeg    + + +        R - +3 leather armour of the Lemon {rN+++ Will- Regen+ Int+2}
rPois   ∞            F - -2 hat of the Alchemist {rElec rPois rF+ rC+ rN+ Will+ rMut rCorr}
rElec   +            A - +4 dragonskin cloak
rCorr   +            V - +2 pair of gloves {Dex+3}
SInv    +            (boots unavailable)
Will    +++++        H - amulet of reflection
Stlth   ++           w - ring of Orionum {rF+ rC+ Int+6 Dex+3}
HPRegen 1.34/turn    i - ring of Moidgh {rF+ Int+6 SInv}
MPRegen 0.00/turn

%: reflection, resist mutation
@: flying, studying Polearms
A: sickness immunity, fire resistance 2, cold vulnerability 1, float, innate
caster, HP casting, extra vitality 1, deformed body, deterioration 1, robust 1,
inability to read after injury 1
0: Orb of Zot
}: 5/15 runes: decaying, slimy, silver, abyssal, gossamer
a: Renounce Religion, Evoke Blink, Potion Petition, Call Merchant, Bribe Branch


You escaped.
You worshipped Gozag.
Gozag was greatly pleased with you.
You visited 12 branches of the dungeon, and saw 54 of its levels.
You visited the Abyss 5 times.
You also visited: Trove, Bailey, Gauntlet, Ice Cave and Volcano.

You collected 34451 gold pieces.
You spent 4875 gold pieces at shops.
You paid 19651 gold pieces to Gozag.

Inventory:

Hand Weapons
 j - the +0 broad axe "Jaodueleg" (weapon) {freeze, ^Drain +Blink Will+++ rCorr}
   (You bought it in a shop on level 14 of the Dungeon)

   Will+++:   It greatly increases your willpower.
   +Blink:    It lets you blink.
   rCorr:     It protects you from acid and corrosion.
   ^Drain:    It drains your maximum health when unequipped.
Missiles
 d - 4 throwing nets
 E - 5 darts of dispersal
 J - 14 silver javelins (quivered)
 P - 31 curare-tipped darts
 Z - 13 atropa-tipped darts
Armour
 A - the +4 dragonskin cloak (worn)
   (You took it off Tiamat on level 4 of the Depths)

   Avatar's Aegis: It grants the wearer a chance to resist fire, cold, poison,
   electricity, acid, and negative energy.
 F - the -2 hat of the Alchemist (worn) {rElec rPois rF+ rC+ rN+ Will+ rMut rCorr}
   (You bought it in a shop on level 11 of the Dungeon)

   rF+:       It protects you from fire.
   rC+:       It protects you from cold.
   rElec:     It insulates you from electricity.
   rPois:     It protects you from poison rN+: It protects you from negative
   energy.
   Will+:     It increases your willpower.
   rCorr:     It protects you from acid and corrosion.
   rMut:      It protects you from mutation.
 R - the +3 leather armour of the Lemon (worn) {rN+++ Will- Regen+ Int+2}
   (You bought it in a shop on level 11 of the Dungeon)

   Int+2:     It affects your intelligence (+2).
   rN+++:     It renders you almost immune to negative energy.
   Will-:     It decreases your willpower.
   Regen+:    It increases your rate of health regeneration.
 V - a +2 pair of gloves of dexterity (worn)
 Y - a +2 tower shield (worn)
Jewellery
 i - the ring of Moidgh (right hand) {rF+ Int+6 SInv}
   (You found it on level 2 of the Vaults)

   [ring of intelligence]

   Int+6:     It affects your intelligence (+6).
   rF+:       It protects you from fire.
   SInv:      It lets you see invisible.
 k - the amulet "Wedaojyis" {Spirit ^Contam rC++ rN+ Regen+}
   (You found it in a treasure trove)

   [amulet of guardian spirit]

   Spirit:    It causes incoming damage to be divided between your reserves of
   health and magic.
   rC++:      It greatly protects you from cold.
   rN+:       It protects you from negative energy.
   ^Contam:   It causes magical contamination when unequipped.
   Regen+:    It increases your rate of health regeneration.
 l - the ring of the Hero {rC+ Will+ Slay+3}
   (You found it in a treasure trove)

   [ring of willpower]

   Slay+3:    It affects your accuracy & damage with ranged weapons and melee
   (+3).
   rC+:       It protects you from cold.
   Will+:     It increases your willpower.
 r - the ring "Gaxt" {rN+ rCorr Int+2}
   (You found it on level 3 of the Depths)

   [ring of resist corrosion]

   Int+2:     It affects your intelligence (+2).
   rN+:       It protects you from negative energy.
   rCorr:     It protects you from acid and corrosion.
 w - the ring of Orionum (left hand) {rF+ rC+ Int+6 Dex+3}
   (You found it on level 1 of the Orcish Mines)

   [ring of intelligence]

   Int+6:     It affects your intelligence (+6).
   Dex+3:     It affects your dexterity (+3).
   rF+:       It protects you from fire.
   rC+:       It protects you from cold.
 H - an amulet of reflection (around neck)
 X - the ring "Bakloeq" {^Drain rN+ Int+2 Dex+4}
   (You found it in a treasure trove)

   [ring of positive energy]

   Int+2:     It affects your intelligence (+2).
   Dex+4:     It affects your dexterity (+4).
   rN+:       It protects you from negative energy.
   ^Drain:    It drains your maximum health when unequipped.
Wands
 v - a wand of digging (37)
 y - a wand of quicksilver (46)
 D - a wand of paralysis (51)
 I - a wand of mindburst (39)
 K - a wand of roots (58)
 N - a wand of polymorph (22)
Scrolls
 a - 8 scrolls of fog
 b - 8 scrolls of enchant armour
 e - 5 scrolls of revelation
 f - 5 scrolls of blinking
 g - 4 scrolls of silence
 n - 2 scrolls of torment
 p - 9 scrolls of poison
 t - 3 scrolls of immolation
 u - 6 scrolls of butterflies
 x - 11 scrolls of teleportation
 G - 4 scrolls of vulnerability
 T - 14 scrolls of fear
Potions
 h - 10 potions of lignification
 m - 26 potions of curing
 o - 2 potions of cancellation
 q - 18 potions of mutation
 s - 7 potions of resistance
 B - 18 potions of ambrosia
 C - 12 potions of haste
 O - 6 potions of invisibility
 Q - 14 potions of brilliance
 W - a potion of heal wounds
Miscellaneous
 c - a phial of floods
 z - the horn of Geryon (inert)
 L - a lightning rod (4/4)
 M - a tin of tremorstones (2/2)
 S - a phantom mirror (inert)
 U - a box of beasts


   Skills:
 + Level 15.1 Fighting
 + Level 5.2 Short Blades
 + Level 1.2 Axes
 + Level 2.3 Ranged Weapons
 + Level 0.8 Throwing
 + Level 13.9 Armour
 + Level 19.7 Dodging
 + Level 13.7 Stealth
 + Level 23.3 Shields
 - Level 26.9 Spellcasting
 - Level 26.9 Conjurations
 - Level 26.9 Hexes
 - Level 26.9 Summonings
 - Level 26.9 Necromancy
 - Level 26.9 Translocations
 - Level 26.9 Fire Magic
 - Level 26.9 Ice Magic
 - Level 26.9 Air Magic
 - Level 26.9 Earth Magic
 - Level 26.9 Alchemy
 * Level 16.3 Evocations


You knew the following spells:

 Your Spells              Type           Power      Damage    Failure   Level
a - Foxfire               Conj/Fire      100%       2x1d9     0%          1
b - Scorch                Fire           100%       2d9       0%          2
c - Volatile Blastmotes   Fire/Tloc      100%       2d18      0%          3
d - Inner Flame           Hex/Fire       100%       N/A       0%          3
e - Flame Wave            Conj/Fire      100%       2d21      0%          4
f - Freeze                Ice            100%       1d10      0%          1
g - Ensorcelled Hibernat  Hex/Ice        100%       N/A       0%          2
h - Fugue of the Fallen   Necr           100%       N/A       0%          3
i - Summon Ice Beast      Ice/Summ       100%       N/A       0%          3
j - Iskenderun's Mystic   Conj/Tloc      100%       2d19      0%          4
k - Curse of Agony        Necr           100%       N/A       0%          5
l - Starburst             Conj/Fire      69%        6d18      0%          6
m - Plasma Beam           Fire/Air       69%        2x1d85    0%          6
n - Conjure Ball Lightni  Conj/Air       69%        3x3d26    0%          6
o - Discord               Hex            69%        N/A       1%          8
p - Borgnjor's Revivific  Necr           69%        N/A       1%          8
q - Death's Door          Necr           69%        N/A       1%          9
r - Shatter               Erth           69%        3d51*     1%          9
Your spell library was empty.

Dungeon Overview and Level Annotations

Branches:
Dungeon (15/15)            Temple (1/1) D:4            Lair (5/5) D:11
  Swamp (4/4) Lair:2       Spider (4/4) Lair:3        Slime (5/5) Lair:5
    Orc (2/2) D:11            Elf (3/3) Orc:2        Vaults (5/5) D:14
  Crypt (0/3) Vaults:2     Depths (4/4) D:15           Hell (visited)
    Dis (0/7) Hell            Geh (0/7) Hell            Coc (0/7) Hell
    Tar (0/7) Hell            Zot (5/5) Depths:4     Bailey (visited)
  IceCv (visited)         Volcano (visited)         Gauntlet (visited)

Altars:
Ashenzari
Cheibriados
Dithmenos
Elyvilon
Fedhas
Gozag
Hepliaklqana
Makhleb
Nemelex Xobeh
Okawaru
Qazlal
Ru
Trog
Uskayaw
Wu Jian
Xom
Yredelemnul
Zin
The Shining One
Jiyva

Shops:
D:9 *[   D:10 [   D:11 ****[*[*   D:12 *   D:13 *   D:14 !*[   Orc:2 ([?*[!:(:
Elf:2 *   Elf:3 ((   Vaults:2 :   Vaults:4 =[   Depths:3 :

Portals:
Hell: Depths:1 Depths:2 Depths:3 Depths:4
Abyss: Depths:1 Depths:3
Pandemonium: Orc:2 Depths:1 Depths:2 Depths:4
Ziggurat: Depths:4

Annotations:
Depths:1 1 runed translucent door, Vv
Zot:4 3 runed translucent doors


Innate Abilities, Weirdness & Mutations

You are immune to sickness and miasma.
You are immune to poison.
Your flesh is very heat resistant. (rF++)
You are vulnerable to cold. (rC-)
You float through the air rather than walking.
You learn spells naturally, not from books.
Your magical power is your life essence.
You have superior vitality. (+4 MHP)
Armour fits poorly on your strangely shaped body.
Your body sometimes deteriorates upon taking damage.
You are robust. (+10% HP)
You occasionally lose the ability to read scrolls when taking damage.


Message History

You fly upwards.
There is a stone staircase leading down here.
You feel yourself slow down.
A sun demon comes into view.
The sun demon shouts!
Casting: Plasma Beam (safe; 0% risk of failure)
Confirm with . or Enter, or press ? or * to list all spells.
Casting: Plasma Beam (safe; 0% risk of failure)
Press: ? - help, Dir - look around, f - activate You feel a surge of power!
The bolt of lightning hits the sun demon!
The sun demon resists.
The sun demon is moderately wounded.
The fiery plasma hits the sun demon.
The sun demon completely resists.
The sun demon is moderately wounded.
You feel a little less clever now.
Casting: Plasma Beam (safe; 0% risk of failure)
Confirm with . or Enter, or press ? or * to list all spells.
Casting: Plasma Beam (safe; 0% risk of failure)
Press: ? - help, Dir - look around, f - activate The bolt of lightning misses the sun demon.
The fiery plasma hits the sun demon.
The sun demon completely resists.
The sun demon is moderately wounded.
Unknown command.
Casting: Plasma Beam (safe; 0% risk of failure)
Confirm with . or Enter, or press ? or * to list all spells.
The dungeon rumbles!
The sun demon is almost dead.
Ka-crash!
You block the sun demon's attack.
Unknown command.
Casting: Shatter (dangerous; 1% risk of failure)
Confirm with . or Enter, or press ? or * to list all spells.
The dungeon rumbles!
You kill the sun demon!
Ka-crash!
Unknown command.
You see here a +0 robe.
There is a staircase leading out of the dungeon here.
You have escaped!

.# #......#
#.....####.# .#
#......# #..........#
## ##..##.#
#......##### #......#
##......# #......#
#.......# #####
#.#.#######.......#
....#
#......##.........#
###.#
#......##...###'#.#####
# #.#
###...@##.......#.....#
# #.#
#......##...#.#.#.#####
###.#
#......##.#.#.....##
..).###
###.##.##.#.##.....#
......##
#......##.....>.##.####
.......#
#......##......###.....
##.....#
#.#.#.###.#.##...+.....
##.....#
#......##.#....###.....
.'.....#
#......##.#####.##.....


There were no monsters in sight!

Vanquished Creatures
  Dissolution (Slime:3)
  the Royal Jelly (Slime:5)
  2 dread liches
  Tiamat (Depths:4)
  An ancient lich (Depths:1)
  3 orbs of fire
  The ghost of Sofait the Black Belt, a legendary GnFE of Okawaru (Zot:4)
  Mennas (Vaults:3)
  The ghost of Consul the Skinwalker, a legendary OpSh of Gozag (Zot:1)
  4 Killer Klowns
  The ghost of Dameikh the Hoplite, a veteran FoFi of Nemelex Xobeh (Depths:1)
  Parghit (Zot:1)
  Bai Suzhen (Elf:3)
  Geryon (Hell)
  3 curse toes
  11 golden dragons
  3 electric golems
  7 bone dragons
  A hellephant (Abyss:3)
  17 tentacled monstrosities
  A tainted leviathan (Hell)
  6 liches
  An Ice Fiend (IceCv)
  A walking earthen tome (Depths:3)
  21 Orb Guardians (Zot:5)
  Zenata (Vaults:4)
  7 quicksilver dragons
  3 deep elf blademasters
  2 sphinxes
  3 titans
  25 acid blobs
  An Executioner (Abyss:1)
  13 death cobs
  12 shadow dragons
  7 tentacled starspawn
  Agnes (D:14)
  The ghost of Geruufump the Severer, an adept MiBe of Trog (Swamp:3)
  2 thorn hunters (Swamp:3)
  The ghost of PaiMei the Purveyor of Pain, an adept DsNe of Kikubaaqudgha (Elf:1)
  11 azure jellies
  11 storm dragons
  3 tengu reavers (Vaults:5)
  14 rockslimes
  A protean progenitor (Zot:5)
  9 fire giants
  10 draconian monks
  3 draconian knights
  2 ghost moths (Spider:4)
  A balrug (Depths:4)
  8 draconian scorchers
  12 frost giants
  4 iron dragons
  3 deep elf elementalists (Elf:3)
  Louise (D:14)
  A curse skull (Vaults:2)
  6 deep elf sorcerers
  An angel (Abyss:3)
  3 cacodemons
  15 vault wardens
  5 draconian shifters
  5 emperor scorpions
  5 reapers
  A spriggan defender (Depths:2)
  28 very ugly things
  2 draconian stormcallers
  2 orc warlords
  4 ironbound thunderhulks
  14 stone giants
  6 deep elf demonologists
  4 draconian annihilators
  13 quicksilver oozes
  9 formless jellyfish
  24 ironbound preservers
  3 vampire knights (Depths:1)
  4 putrid mouths
  8 green draconians
  7 eleionomae
  10 yellow draconians
  A minotaur (Gauntlet)
  16 white draconians
  Nessos (D:12)
  16 purple draconians
  10 black draconians
  4 deep elf annihilators
  10 deep elf death magi
  14 dire elephants
  5 bunyips
  12 red draconians
  12 spark wasps
  16 ettins
  3 war gargoyles
  A merfolk javelineer (Abyss:3)
  11 fire dragons
  3 blizzard demons
  3 eidola
  A green death (Abyss:3)
  12 yaktaur captains
  Josephine (Lair:4)
  5 deep elf high priests
  2 jiangshi (Depths:1)
  9 entropy weavers
  3 spriggan zombies
  The ghost of spaghetti the Reanimator, a journeyman HuCK of Xom (D:9)
  3 shambling mangroves
  11 great orbs of eyes
  2 peacekeepers (Vaults:3)
  3 juggernaut simulacra (Depths:1)
  7 ice dragons
  The ghost of CInkIbrahim the Fencer, a journeyman GrGl of Qazlal (Orc:1)
  Erolcha (D:12)
  2 demonspawn (Orc:2)
  7 ironbound frosthearts
  7 rakshasas
  22 vault guards
  14 alligators
  3 ogre magi
  19 hydras
  2 catoblepae
  2 spriggan air magi
  7 two-headed ogres
  2 ghost crabs
  15 centaur warriors
  A radroach (Spider:2)
  3 jorogumos
  An anaconda (shapeshifter) (Vaults:5)
  A death knight (D:14)
  A death scarab (Spider:4)
  A hell hog (Lair:5)
  14 boulder beetles
  11 deep troll shamans
  4 vampire magi
  21 demonic crawlers
  7 orc high priests
  12 death yaks
  12 spriggan berserkers
  5 tengu warriors
  33 dancing weapons
  8 deep troll earth magi
  A shock serpent (shapeshifter) (Abyss:3)
  4 occultists
  7 thrashing horrors
  The ghost of seawaffle the Basher, a novice GrBe of Trog (D:9)
  15 hell knights
  12 sun demons
  6 soul eaters
  Sonja (D:12)
  17 deep elf knights
  4 sixfirhies
  8 iron trolls
  7 wretched stars
  9 goliath frogs
  A skyshark (Lair:2)
  7 pharaoh ants
  7 skeletal warriors
  9 orb spiders
  A spatial maelstrom (Abyss:1)
  69 deep trolls
  7 glowing orange brains
  9 swamp dragons
  8 arcanists
  4 bog bodies
  A spark wasp zombie (Depths:1)
  11 deep elf archers
  7 lindwurms
  2 death drakes
  12 spriggan simulacra
  4 flayed ghosts
  5 necromancers
  A phantasmal warrior (D:14)
  11 orc knights
  5 harpies
  13 ironbound convokers
  Pikel (D:8)
  28 deep elf pyromancers
  4 steelbarb worms
  28 deep elf zephyrmancers
  An obsidian statue (IceCv)
  A sphinx simulacrum (Depths:1)
  9 orc sorcerers
  An iron dragon zombie (Depths:1)
  23 wolf spiders
  5 will-o-the-wisps
  Maurice (D:9)
  58 ugly things
  4 manticores
  8 shining eyes
  A salamander (shapeshifter) (Depths:2)
  3 worldbinders
  27 moths of wrath
  8 cyclopes
  16 smoke demons
  A fire giant skeleton (Vaults:2)
  9 elephants
  3 kobold blastminers (Orc:2)
  A guardian serpent (Abyss:1)
  8 black mambas
  4 eyes of devastation
  A stone giant skeleton (Vaults:2)
  5 molten gargoyles (Hell)
  5 apocalypse crabs
  7 meliai
  21 vault sentinels
  A gargoyle (D:11)
  A water nymph (shapeshifter) (Vaults:5)
  12 torpor snails
  A spectral unseen horror (D:10)
  20 large abominations
  5 orange demons
  8 rust devils
  6 komodo dragons
  2 hellions
  12 cane toads
  3 golden dragon simulacra (IceCv)
  An unseen horror (shapeshifter) (Vaults:5)
  3 kobold demonologists
  24 yaktaurs
  A yaktaur zombie (Vaults:2)
  14 ice devils
  An unseen horror (D:13)
  9 freezing wraiths
  A guardian mummy (Zot:1)
  2 efreet
  4 tengu conjurers
  5 hellwings
  9 ancient zymes
  6 red devils
  A harpy zombie (Abyss:1)
  9 tyrant leeches
  An unseen horror skeleton (D:10)
  A queen bee (Lair:1)
  A troll (shapeshifter) (D:13)
  4 trolls
  24 hornets
  10 polar bears (Lair:5)
  A tengu simulacrum (Hell)
  An alligator simulacrum (IceCv)
  2 bloated husks
  A moth of wrath zombie (Zot:1)
  3 glass eyes
  A glass eye (shapeshifter) (D:13)
  32 tarantellas
  7 blink frogs
  7 raiju
  2 raiju (shapeshifter)
  9 dream sheep
  A blink frog (shapeshifter) (Vaults:4)
  6 air elementals
  7 spriggans
  A shadow (D:10)
  4 vampires
  20 jumping spiders
  13 water elementals
  A naga simulacrum (Hell)
  18 culicivoras
  129 slime creatures
  3 dire elephant simulacra (Swamp:1)
  7 wraiths
  3 basilisks
  5 wyverns
  10 ynoxinuls
  71 yaks
  21 starcursed masses
  18 vampire mosquitoes
  10 fire elementals
  21 golden eyes
  11 wargs
  The ghost of cdecastro the Cudgeller, an amateur AtWr of Elyvilon (D:3)
  54 redbacks
  7 minotaur simulacra (IceCv)
  12 neqoxecs
  A redback (shapeshifter) (Vaults:5)
  2 steam dragons (Lair:1)
  14 chaos spawn
  12 swamp worms
  An acid dragon (D:11)
  2 swamp worms (shapeshifter)
  3 harpy simulacra
  Edmund (D:6)
  15 water moccasins
  A hydra simulacrum (IceCv)
  Duvessa (D:7)
  14 hell hounds
  13 swamp drakes
  37 orc warriors
  An ettin simulacrum (Vaults:2)
  3 sky beasts
  10 black bears
  2 ice beasts
  31 wolves
  3 laughing skulls
  7 ogres
  2 centaurs
  4 lemures (D:7)
  A phantom (D:7)
  4 weeping skulls
  12 bullfrogs
  15 kobold brigands
  A brain worm (Abyss:1)
  5 earth elementals
  A gnoll sergeant (D:7)
  A wyvern zombie (D:9)
  A scorpion (D:6)
  16 small abominations
  11 deep troll simulacra
  A glowing shapeshifter simulacrum (Depths:1)
  10 wights
  Dowan (D:7)
  27 killer bees
  3 howler monkeys
  11 electric eels
  4 centaur zombies
  6 quasits
  2 iron imps (Abyss:1)
  A bombardier beetle (D:5)
  3 centaur skeletons
  2 gnoll boudas
  23 orc priests
  2 hounds
  2 jellies
  A sleepcap (D:8)
  7 hell rats (Hell)
  2 iguanas
  16 orc wizards
  Robin (D:4)
  14 gnolls
  5 adders
  2 shadow imps
  10 white imps
  5 ufetubi
  3 dart slugs
  127 orcs
  2 endoplasms
  2 giant cockroaches (D:1)
  11 goblins
  18 hobgoblins
  A quokka (D:4)
  8 ball pythons
  4 frilled lizards
  40 kobolds
  2 rats (D:2)
  3 aspiring fleshes (Zot:5)
  A ball lightning (Swamp:3)
  3 lurking horrors
  2 starspawn tentacles (Abyss:1)
2817 creatures vanquished.

Vanquished Creatures (collateral kills)
  2 pandemonium lords (D:2)
  A golden dragon (Vaults:2)
  A lich (Vaults:2)
  A titan (Vaults:2)
  A tengu reaver (Vaults:2)
  A draconian monk (Zot:1)
  2 fire giants
  An orc warlord (Vaults:4)
  2 ironbound preservers (Vaults:1)
  A black draconian (Zot:1)
  A green draconian (Zot:1)
  A yellow draconian (Zot:1)
  A dire elephant (Vaults:3)
  A white draconian (Zot:1)
  An ettin (Vaults:2)
  A blizzard demon (D:2)
  A fire dragon (Lair:5)
  An ironbound frostheart (Vaults:1)
  7 vault guards (Vaults:5)
  A boulder beetle (D:9)
  A dancing weapon (Swamp:3)
  A centaur warrior (Vaults:1)
  2 sun demons (D:15)
  A phantasmal warrior (Vaults:2)
  An ironbound convoker (Vaults:2)
  An ugly thing (Vaults:4)
  2 orc sorcerers (Vaults:4)
  3 moths of wrath (Zot:1)
  A will-o-the-wisp (Swamp:3)
  A rust devil (D:15)
  A smoke demon (D:15)
  A vault sentinel (Vaults:2)
  A gargoyle (Volcano)
  A freezing wraith (Vaults:2)
  2 yaktaurs (Vaults:1)
  A red devil (D:2)
  A polar bear (Lair:5)
  A warg (Lair:5)
  3 hell hounds (Lair:5)
  A black bear (Lair:5)
  3 wolves (Lair:5)
  4 kobold brigands (D:9)
  A scorpion (D:6)
  A killer bee (D:9)
  An orc (Orc:1)
  5 kobolds (D:9)
  A ball lightning (Vaults:5)
  7 foxfires
79 creatures vanquished.

Vanquished Creatures (others)
  3 very ugly things
  A stone giant (Vaults:2)
  A black draconian (Zot:1)
  A dire elephant (Vaults:3)
  A bunyip (Swamp:3)
  A red draconian (Zot:1)
  A white draconian (Zot:1)
  A yaktaur captain (Vaults:2)
  2 centaur warriors (Vaults:1)
  A phantasmal warrior (Vaults:2)
  A bloated husk (Swamp:1)
  A black bear (Lair:5)
  7 ball lightnings
  1518 foxfires
  6 starspawn tentacles
1546 creatures vanquished.

Grand Total: 4442 creatures vanquished

Notes
Turn   | Place    | Note
-------+----------+-------------------------------------------
     0 | D:1      | monsoonserge the Djinni Fire Elementalist began the quest
                  | for the Orb.
     0 | D:1      | monsoonserge set off with the following spells memorised:
                  | Foxfire, Scorch, Volatile Blastmotes, Inner Flame, Flame
                  | Wave.
     0 | D:1      | Reached XP level 1. HP: 15/15 MP: 0/0
   161 | D:1      | Reached XP level 2. HP: 21/21 MP: 0/0
   522 | D:1      | Reached XP level 3. HP: 25/25 MP: 0/0
   522 | D:1      | Learned a level 1 spell: Freeze
  1158 | D:2      | Found a hazy altar of Hepliaklqana.
  1316 | D:2      | Reached skill level 1 in Ranged Weapons
  1323 | D:2      | Reached XP level 4. HP: 28/31 MP: 0/0
  1821 | D:3      | Found a large runed translucent door.
  1821 | D:3      | Found a large runed translucent door.
  1825 | D:3      | Noticed cdecastro's ghost (amateur AtWr)
  1903 | D:3      | Found an ornate altar of the Wu Jian Council.
  2057 | D:4      | Noticed Robin
  2105 | D:4      | Reached XP level 5. HP: 30/36 MP: 0/0
  2105 | D:4      | Learned a level 2 spell: Ensorcelled Hibernation
  2141 | D:4      | Found a staircase to the Ecumenical Temple.
  2150 | Temple   | Entered the Ecumenical Temple
  2194 | D:4      | Killed Robin
  2713 | D:4      | Reached XP level 6. HP: 33/41 MP: 0/0
  3124 | D:5      | Entered Level 5 of the Dungeon
  3124 | D:5      | Noticed an ogre
  3203 | D:5      | Killed an ogre
  3259 | D:5      | Noticed a sky beast
  3267 | D:5      | Killed a sky beast
  3268 | D:5      | Reached skill level 5 in Spellcasting
  3268 | D:5      | Reached skill level 5 in Conjurations
  3268 | D:5      | Reached skill level 5 in Hexes
  3268 | D:5      | Reached skill level 5 in Summonings
  3268 | D:5      | Reached skill level 5 in Necromancy
  3268 | D:5      | Reached skill level 5 in Translocations
  3268 | D:5      | Reached skill level 5 in Fire Magic
  3268 | D:5      | Reached skill level 5 in Ice Magic
  3268 | D:5      | Reached skill level 5 in Air Magic
  3268 | D:5      | Reached skill level 5 in Earth Magic
  3268 | D:5      | Reached skill level 5 in Alchemy
  3268 | D:5      | Reached XP level 7. HP: 34/46 MP: 0/0
  3268 | D:5      | Learned a level 3 spell: Fugue of the Fallen
  3862 | D:6      | Noticed Edmund
  3870 | D:6      | Killed Edmund
  3871 | D:6      | Reached skill level 1 in Fighting
  3875 | D:6      | Noticed a vampire mosquito
  3879 | D:6      | Killed a vampire mosquito
  3880 | D:6      | Reached XP level 8. HP: 50/55 MP: 0/0
  4010 | D:6      | Reached skill level 5 in Fighting
  4026 | D:6      | Reached XP level 9. HP: 65/65 MP: 0/0
  4026 | D:6      | Learned a level 3 spell: Summon Ice Beast
  4117 | D:6      | Found an opulent altar of Gozag.
  4118 | D:6      | Found a sparkling altar of Nemelex Xobeh.
  4125 | D:6      | Became a worshipper of Gozag Ym Sagoz the Greedy
  4355 | D:7      | Reached skill level 1 in Armour
  4436 | D:7      | Noticed a hornet
  4446 | D:7      | Killed a hornet
  4462 | D:7      | Found a flagged portal.
  4485 | D:7      | Noticed Dowan
  4487 | Bailey   | Entered a bailey
  4620 | Bailey   | Reached XP level 10. HP: 75/75 MP: 0/0
  4721 | Bailey   | Noticed an orc knight
  4739 | Bailey   | Killed an orc knight
  4789 | Bailey   | Identified the +2 plate armour "Adodeiss" {Regen+}
  4963 | D:7      | Noticed Duvessa
  4985 | D:7      | Killed Dowan
  5007 | D:7      | Reached skill level 5 in Armour
  5044 | D:7      | Killed Duvessa
  5170 | D:7      | Found a glowing silver altar of Zin.
  5177 | D:7      | Found a glowing golden altar of the Shining One.
  5182 | D:7      | Found a white marble altar of Elyvilon.
  5379 | D:8      | Noticed Pikel
  5430 | D:8      | Killed Pikel
  5431 | D:8      | Reached skill level 1 in Evocations
  5589 | D:8      | Reached skill level 1 in Shields
  6409 | D:9      | Noticed a boulder beetle
  6452 | D:9      | Killed a boulder beetle
  6453 | D:9      | Reached XP level 11. HP: 26/79 MP: 0/0
  6453 | D:9      | Learned a level 4 spell: Iskenderun's Mystic Blast
  6896 | D:9      | Noticed Maurice
  6911 | D:9      | Killed Maurice
  7050 | D:9      | Reached skill level 5 in Shields
  7050 | D:9      | Reached skill level 10 in Spellcasting
  7050 | D:9      | Reached skill level 10 in Conjurations
  7050 | D:9      | Reached skill level 10 in Hexes
  7050 | D:9      | Reached skill level 10 in Summonings
  7050 | D:9      | Reached skill level 10 in Necromancy
  7050 | D:9      | Reached skill level 10 in Translocations
  7050 | D:9      | Reached skill level 10 in Fire Magic
  7050 | D:9      | Reached skill level 10 in Ice Magic
  7050 | D:9      | Reached skill level 10 in Air Magic
  7050 | D:9      | Reached skill level 10 in Earth Magic
  7050 | D:9      | Reached skill level 10 in Alchemy
  7114 | D:9      | Found a runed translucent gate.
  7114 | D:9      | Found a runed translucent gate.
  7114 | D:9      | Found an opulent altar of Gozag.
  7114 | D:9      | Noticed spaghetti's ghost (journeyman HuCK)
  7116 | D:9      | Found a runed translucent gate.
  7117 | D:9      | Found Xudu's Assorted Antiques.
  7209 | D:9      | Found a runed translucent gate.
  7209 | D:9      | Found a runed translucent gate.
  7209 | D:9      | Found a runed translucent gate.
  7209 | D:9      | Noticed seawaffle's ghost (novice GrBe)
  7212 | D:9      | Found a basalt altar of Yredelemnul.
  7412 | D:10     | Entered Level 10 of the Dungeon
  7435 | D:9      | Bought a glowing ring mail for 189 gold pieces
  7438 | D:9      | Bought a glowing robe for 99 gold pieces
  7587 | D:10     | Found a stormy altar of Qazlal.
  7803 | D:10     | Reached skill level 1 in Short Blades
  7894 | D:10     | Found Teg Ohoer's Armour Boutique.
  7902 | D:10     | Bought the +7 chain mail of Vitsac {^Contam Regen+ Int+5}
                  | for 565 gold pieces
  8087 | D:10     | Noticed a cyan ugly thing
  8109 | D:10     | Killed a brown ugly thing
  8132 | D:10     | Noticed a boulder beetle
  8134 | D:10     | Noticed a centaur warrior
  8149 | D:10     | Killed a centaur warrior
  8158 | D:10     | Noticed a yaktaur captain
  8158 | D:10     | Noticed a five-headed hydra
  8173 | D:10     | Killed a yaktaur captain
  8350 | D:11     | Found a staircase to the Lair.
  8380 | D:11     | Noticed a red ugly thing
  8405 | D:10     | Reached XP level 12. HP: 27/85 MP: 0/0
  9093 | Lair:1   | Entered Level 1 of the Lair of Beasts
  9152 | Lair:1   | Identified the +15 plate armour "Kej Qel" {Str+5}
  9156 | Lair:1   | Identified the ring of Ulal {Will+ rCorr Slay+3}
  9240 | Lair:1   | Noticed a boulder beetle
  9494 | D:10     | Killed a five-headed hydra
  9541 | D:10     | Killed a boulder beetle
  9648 | D:10     | Noticed a skeletal warrior
  9658 | D:10     | Killed a skeletal warrior
  9868 | D:3      | Killed cdecastro's ghost
 10069 | D:11     | Reached XP level 13. HP: 90/90 MP: 0/0
 10069 | D:11     | Learned a level 5 spell: Curse of Agony
 11520 | Lair:2   | Noticed an eleionoma
 11532 | Lair:2   | Killed an eleionoma
 11574 | Lair:2   | Found a staircase to the Swamp.
 12122 | D:11     | Reached skill level 10 in Shields
 12374 | D:11     | Found a staircase to the Orcish Mines.
 12564 | D:11     | Reached skill level 10 in Armour
 12667 | D:9      | Killed spaghetti's ghost
 12679 | D:9      | Bought a yellow potion for 30 gold pieces
 12744 | D:9      | Killed seawaffle's ghost
 12823 | D:11     | Bought a scroll labelled KEZYMA XITOU for 23 gold pieces
 12910 | Lair:3   | Reached XP level 14. HP: 96/96 MP: 0/0
 13272 | Lair:3   | Found a dark tunnel.
 13295 | Volcano  | Entered a volcano
 13314 | Volcano  | Noticed a stone giant
 13332 | Volcano  | Killed a stone giant
 14016 | Lair:3   | Found a hole to the Spider Nest.
 14485 | Lair:4   | Noticed Josephine
 14493 | Lair:4   | Killed Josephine
 14586 | Lair:5   | Entered Level 5 of the Lair of Beasts
 14780 | Lair:5   | Reached XP level 15. HP: 18/101 MP: 0/0
 14780 | Lair:5   | Learned a level 6 spell: Starburst
 16017 | Lair:5   | Found a viscous altar of Jiyva.
 16018 | Lair:5   | Found a staircase to the Slime Pits.
 16535 | Lair:5   | Identified the +1 cloak of the Oni {rC+}
 16652 | Lair:5   | Identified a scroll of acquirement
 16653 | Lair:5   | Acquired a manual of Stealth
 16927 | Lair:5   | Reached XP level 16. HP: 90/107 MP: 0/0
 17261 | D:11     | Bought a spiked leather armour for 280 gold pieces
 17261 | D:11     | Identified the +3 leather armour of the Lemon {rN+++ Will-
                  | Regen+ Int+2} (You bought it in a shop on level 11 of the
                  | Dungeon)
 17560 | D:11     | Bought the -2 hat of the Alchemist {rElec rPois rF+ rC+ rN+
                  | Will+ rMut rCorr} for 1888 gold pieces
 17560 | D:11     | Found the -2 hat of the Alchemist {rElec rPois rF+ rC+ rN+
                  | Will+ rMut rCorr}
 17733 | D:12     | Reached skill level 5 in Stealth
 17767 | D:12     | Found an iron altar of Okawaru.
 17830 | D:12     | Noticed Sonja
 17842 | D:12     | Killed Sonja
 17843 | D:12     | Reached skill level 5 in Dodging
 17869 | D:12     | Noticed Nessos
 17878 | D:12     | Killed Nessos
 18071 | D:12     | Noticed Erolcha
 18074 | Abyss:1  | Cast into level 1 of the Abyss (Erolcha)
 18316 | Abyss:1  | Noticed a bone dragon
 18332 | Abyss:1  | Killed a bone dragon
 18428 | Abyss:1  | Noticed a tentacled starspawn
 18435 | Abyss:1  | Killed a tentacled starspawn
 18450 | Abyss:1  | Noticed a bone dragon
 18464 | Abyss:1  | HP: 5/107 [starcursed mass/accursed screaming (6)]
 18474 | Abyss:1  | Found a corrupted altar of Lugonu.
 18565 | Abyss:1  | Noticed a tentacled starspawn
 18574 | Abyss:1  | Killed a tentacled starspawn
 18834 | D:12     | Escaped the Abyss
 18838 | D:12     | Killed Erolcha
 19039 | D:12     | Found Wiyneth's General Store.
 19284 | D:13     | Found Zuij Asm's Assorted Antiques.
 19288 | D:13     | Bought a viscous golden potion for 33 gold pieces
 19288 | D:13     | Bought a scroll labelled KIATRUMARO for 37 gold pieces
 19669 | D:13     | Identified the +3 broad axe of the Wasp {venom, ^Drain rF+
                  | rCorr Str+6}
 19944 | D:14     | Noticed Louise
 20661 | D:14     | Killed Louise
 20662 | D:14     | Reached XP level 17. HP: 84/113 MP: 0/0
 20662 | D:14     | Learned a level 6 spell: Plasma Beam
 20708 | D:14     | Found a gate to the Vaults.
 20858 | D:14     | Noticed Agnes
 20864 | D:14     | Killed Agnes
 20923 | D:15     | Entered Level 15 of the Dungeon
 21126 | D:15     | Found a gate leading to a gauntlet.
 21149 | Gauntlet | Entered a Gauntlet
 21149 | Gauntlet | Found a transporter.
 21149 | Gauntlet | Found a transporter.
 21155 | Gauntlet | Found a transporter.
 21164 | Gauntlet | Found a transporter.
 21211 | Gauntlet | Found a transporter.
 21228 | Gauntlet | Found a transporter.
 21243 | Gauntlet | Found a transporter.
 21312 | Gauntlet | Found a transporter.
 21319 | Gauntlet | Found a transporter.
 21338 | Gauntlet | Found a transporter.
 21538 | Gauntlet | Found a transporter.
 21548 | Gauntlet | Found a transporter.
 21563 | Gauntlet | Found a transporter.
 21565 | Gauntlet | Found the macabre finger necklace {Finger+ rN+}
 21650 | Gauntlet | Found a transporter.
 21664 | Gauntlet | Found a transporter.
 21677 | Gauntlet | Found a transporter.
 21837 | Gauntlet | Reached skill level 10 in Stealth
 21841 | Gauntlet | Identified the amulet of Waiss {RegenMP MP-9 Dex+2 Stlth+}
 21846 | Gauntlet | Identified the +0 cloak of Elyvilon, Fortifying {+Blink rN+
                  | Dex+3 Slay+2}
 21875 | Gauntlet | Reached skill level 15 in Spellcasting
 21875 | Gauntlet | Reached skill level 15 in Conjurations
 21875 | Gauntlet | Reached skill level 15 in Hexes
 21875 | Gauntlet | Reached skill level 15 in Summonings
 21875 | Gauntlet | Reached skill level 15 in Necromancy
 21875 | Gauntlet | Reached skill level 15 in Translocations
 21875 | Gauntlet | Reached skill level 15 in Fire Magic
 21875 | Gauntlet | Reached skill level 15 in Ice Magic
 21875 | Gauntlet | Reached skill level 15 in Air Magic
 21875 | Gauntlet | Reached skill level 15 in Earth Magic
 21875 | Gauntlet | Reached skill level 15 in Alchemy
 21915 | Gauntlet | Identified the ring "Ruinircho" {rPois Str-5 Int+6 Dex+6
                  | Slay+5}
 22369 | D:15     | Found a staircase to the Depths.
 22935 | Orc:1    | Entered Level 1 of the Orcish Mines
 23068 | Orc:2    | Entered Level 2 of the Orcish Mines
 23269 | Orc:1    | Found a transporter.
 23300 | Orc:1    | Found a transporter.
 23311 | Orc:1    | Noticed CInkIbrahim's ghost (journeyman GrGl)
 23829 | Orc:2    | Found Viyraid's Weapon Shoppe.
 23844 | Orc:2    | Bought 5 curare-tipped darts for 90 gold pieces
 23844 | Orc:2    | Bought 2 atropa-tipped darts for 27 gold pieces
 23900 | Orc:2    | Found Vaeluiz's Armour Shoppe.
 24014 | Orc:2    | Found Tupnezxe's Antique Weapon Shoppe.
 24021 | Orc:2    | Bought a brightly glowing flail for 221 gold pieces
 24021 | Orc:2    | Identified the +7 flail "Esebbih" {venom, Will+} (You
                  | bought it in a shop on level 2 of the Orcish Mines)
 24037 | Orc:2    | Found Kerrien's Book Shop.
 24053 | Orc:2    | Bought a manual of Dodging for 1040 gold pieces
 24071 | Orc:2    | Found a staircase to the Elven Halls.
 24234 | Orc:2    | Found Siusud's Magic Scroll Emporium.
 24242 | Orc:2    | Bought a scroll of fog for 56 gold pieces
 24273 | Orc:2    | Found Feyhuef's Distillery.
 24426 | Orc:2    | Found Kegosaic's General Store.
 24579 | Orc:2    | Reached XP level 18. HP: 98/119 MP: 0/0
 24647 | Orc:2    | Found Nikuogev's Book Boutique.
 24647 | Orc:2    | Found Pobet's Antique Armour Shop.
 24647 | Orc:2    | Found a one-way gate leading to the halls of Pandemonium.
 25058 | Elf:1    | Entered Level 1 of the Elven Halls
 25264 | Elf:1    | Reached skill level 10 in Dodging
 25533 | Swamp:1  | Entered Level 1 of the Swamp
 25766 | Swamp:1  | Found a glacial archway.
 25787 | IceCv    | Entered an ice cave
 25827 | IceCv    | Reached skill level 15 in Shields
 26236 | IceCv    | Noticed an Ice Fiend
 26239 | IceCv    | Killed an Ice Fiend
 27763 | Elf:1    | Reached XP level 19. HP: 109/124 MP: 0/0
 27763 | Elf:1    | Learned a level 6 spell: Conjure Ball Lightning
 28014 | Elf:1    | Found a portal to a secret trove of treasure.
 28128 | Elf:1    | Found a runed translucent door.
 28128 | Elf:1    | Noticed PaiMei's ghost (adept DsNe)
 28200 | Elf:1    | Reached skill level 1 in Axes
 28789 | Elf:1    | Killed PaiMei's ghost
 28790 | Elf:1    | Reached skill level 5 in Evocations
 29793 | Swamp:3  | Found a runed translucent door.
 29794 | Swamp:3  | Found a shimmering altar of Xom.
 29794 | Swamp:3  | Noticed Geruufump's ghost (adept MiBe)
 29795 | Swamp:3  | Identified the +9 dire flail of Onyzuot {chaos, rF+}
 30172 | D:11     | Bought a potion of curing for 45 gold pieces
 30237 | Spider:1 | Entered Level 1 of the Spider Nest
 30905 | Spider:1 | Identified the +2 pair of gloves of Peek-a-Boo {Dex+2}
 31443 | Spider:2 | Reached skill level 15 in Dodging
 31758 | Spider:2 | Reached XP level 20. HP: 123/130 MP: 0/0
 31939 | Spider:2 | Identified the +0 scale mail of Etzog {Int+5}
 32011 | Spider:2 | Acquired 1082 gold pieces
 32147 | Spider:2 | Gained mutation: Armour fits poorly on your strangely
                  | shaped body. [mutagenic glow]
 32466 | Swamp:4  | Entered Level 4 of the Swamp
 32978 | Swamp:4  | Acquired 310 gold pieces
 33357 | Swamp:4  | Got a decaying rune of Zot
 34566 | Spider:4 | Entered Level 4 of the Spider Nest
 34942 | Spider:4 | Identified the orb "Zeoxt" {light, rCorr Int-4 Necro}
 35038 | Spider:4 | Reached XP level 21. HP: 103/139 MP: 0/0
 35038 | Spider:4 | Learned a level 8 spell: Discord
 35525 | Spider:4 | Reached skill level 10 in Evocations
 35667 | Spider:4 | Identified the +0 hat of Onaa {rN++ Will- Slay+2 SInv}
 35682 | Spider:4 | Got a gossamer rune of Zot
 36101 | Swamp:3  | Killed Geruufump's ghost
 36455 | Elf:2    | Reached skill level 10 in Fighting
 36852 | Elf:2    | Paralysed by an air elemental for 1 turns
 36904 | Elf:2    | Found Xizotz's Assorted Antiques.
 37103 | Elf:2    | Found a runed translucent gate.
 37103 | Elf:2    | Found a runed translucent gate.
 37103 | Elf:2    | Found a runed translucent gate.
 37482 | Elf:2    | Found a bloodstained altar of Trog.
 37664 | Elf:3    | Entered Level 3 of the Elven Halls
 37784 | Elf:3    | Found Viffiloing's Antique Weapon Emporium.
 38045 | Elf:3    | Found Cimis's Weapon Shoppe.
 38045 | Elf:3    | Found Lurphoevi's Jewellery Emporium.
 38063 | Elf:3    | Identified the +0 chain mail "Otokhleu" {Fly Str+5 Int-4
                  | SInv}
 38069 | Elf:3    | Noticed Bai Suzhen
 38073 | Elf:3    | Killed Bai Suzhen
 38588 | Elf:3    | Identified the +3 scale mail of the Watchman {rC++ Will-
                  | SInv Stlth+}
 38591 | Elf:3    | Identified the +0 robe "Mohyesiwk" {rPois rCorr Dex+3}
 38591 | Elf:3    | Identified the ring "Jowne" {rN+ rCorr Str+3 Dex-3}
 38953 | Elf:3    | Identified the +4 morningstar of Syigg {distort, *Slow
                  | +Blink rElec Stlth+}
 38970 | Elf:3    | Identified the amulet "Haxiroan" {Acrobat ^Fragile +Inv
                  | rElec rCorr}
 39052 | Elf:3    | Reached XP level 22. HP: 145/150 MP: 0/0
 39056 | Elf:3    | Identified the +11 rapier of the Morning {freeze, *Rage
                  | rC+++ rCorr Int+4}
 39269 | Elf:3    | Identified the staff "Receitil" {^Drain rC+ Will+++ Ice
                  | Air}
 39274 | Elf:3    | Identified the staff of Sulphur {rPois rN+ rCorr Str-4 Summ
                  | Necro}
 39279 | Elf:3    | Identified the +1 pair of boots "Tumeqy" {rC+ Dex+2}
 39623 | Orc:1    | Killed CInkIbrahim's ghost
 39647 | Orc:1    | Got the ring of Orionum {rF+ rC+ Int+6 Dex+3}
 39840 | Vaults:1 | Entered Level 1 of the Vaults
 40896 | Vaults:1 | Identified the +1 robe of Past Mistakes {Dex+3}
 41574 | Vaults:2 | Found a huge runed translucent gate.
 41574 | Vaults:2 | Found a huge runed translucent gate.
 41574 | Vaults:2 | Found a huge runed translucent gate.
 41574 | Vaults:2 | Found a huge runed translucent gate.
 41574 | Vaults:2 | Found a huge runed translucent gate.
 41574 | Vaults:2 | Found a huge runed translucent gate.
 41574 | Vaults:2 | Found a huge runed translucent gate.
 41574 | Vaults:2 | Found a huge runed translucent gate.
 41622 | Vaults:2 | Found a huge runed translucent gate.
 41622 | Vaults:2 | Found a huge runed translucent gate.
 41622 | Vaults:2 | Found a huge runed translucent gate.
 41622 | Vaults:2 | Found a huge runed translucent gate.
 41622 | Vaults:2 | Found a huge runed translucent gate.
 41625 | Vaults:2 | Found a huge runed translucent gate.
 41627 | Vaults:2 | Found a huge runed translucent gate.
 41629 | Vaults:2 | Found a huge runed translucent gate.
 41633 | Vaults:2 | Found a huge runed translucent gate.
 41633 | Vaults:2 | Found a huge runed translucent gate.
 41641 | Vaults:2 | Found a huge runed translucent gate.
 41643 | Vaults:2 | Found a huge runed translucent gate.
 41644 | Vaults:2 | Found a huge runed translucent gate.
 41644 | Vaults:2 | Found a huge runed translucent gate.
 41644 | Vaults:2 | Found a huge runed translucent gate.
 41667 | Vaults:2 | Found a huge runed translucent gate.
 41668 | Vaults:2 | Found a huge runed translucent gate.
 41669 | Vaults:2 | Found a huge runed translucent gate.
 41669 | Vaults:2 | Found a huge runed translucent gate.
 41676 | Vaults:2 | Found a huge runed translucent gate.
 41677 | Vaults:2 | Found a huge runed translucent gate.
 41678 | Vaults:2 | Found a huge runed translucent gate.
 41678 | Vaults:2 | Found a huge runed translucent gate.
 41735 | Vaults:2 | Found Animud Hado's Book Boutique.
 41902 | Vaults:2 | Found a huge runed translucent gate.
 41903 | Vaults:2 | Found a huge runed translucent gate.
 41904 | Vaults:2 | Found a huge runed translucent gate.
 41905 | Vaults:2 | Found a huge runed translucent gate.
 41905 | Vaults:2 | Found a huge runed translucent gate.
 42264 | Vaults:2 | Reached XP level 23. HP: 147/157 MP: 0/0
 42264 | Vaults:2 | Learned a level 8 spell: Borgnjor's Revivification
 42671 | Vaults:2 | Found a staircase to the Crypt.
 42760 | Vaults:2 | Noticed a golden dragon
 42765 | Vaults:2 | Killed a golden dragon
 42786 | Vaults:2 | Identified the ring of Moidgh {rF+ Int+6 SInv}
 43095 | Vaults:3 | Noticed Mennas
 44171 | Vaults:3 | Killed Mennas
 44322 | Vaults:4 | Found Kihuis's Armour Boutique.
 44660 | Vaults:4 | Noticed Zenata
 44664 | Vaults:4 | Killed Zenata
 44779 | Vaults:4 | Identified the +6 trident "Terph" {vamp, rC+ Str-2 Dex+3}
 44889 | Vaults:4 | Reached XP level 24. HP: 125/164 MP: 0/0
 45227 | Vaults:4 | Found Juetat's Jewellery Emporium.
 45883 | D:14     | Bought a jewelled broad axe for 252 gold pieces
 45883 | D:14     | Identified the +0 broad axe "Jaodueleg" {freeze, ^Drain
                  | +Blink Will+++ rCorr} (You bought it in a shop on level 14
                  | of the Dungeon)
 46085 | Slime:1  | Entered Level 1 of the Pits of Slime
 46462 | Depths:1 | Entered Level 1 of the Depths
 46628 | Depths:1 | Found a gateway to Hell.
 47094 | Depths:1 | Found a runed translucent door.
 47098 | Depths:1 | Noticed an ancient lich
 47099 | Depths:1 | Noticed Dameikh's ghost (veteran FoFi)
 47101 | Depths:1 | Found a runed translucent door.
 47137 | Depths:1 | Found a one-way gate to the infinite horrors of the Abyss.
 47736 | Depths:2 | Noticed Vv
 48237 | Elf:1    | You paid a toll of 14 potions of heal wounds to enter a
                  | treasure trove
 48238 | Trove    | Entered a treasure trove
 48248 | Trove    | Identified the ring of Ajywozof {^Contam rC+ Str+5 Dex+3
                  | Slay-5}
 48250 | Trove    | Identified the amulet "Wedaojyis" {Spirit ^Contam rC++ rN+
                  | Regen+}
 48252 | Trove    | Identified the ring of the Hero {rC+ Will+ Slay+3}
 48258 | Trove    | Identified the ring of the Tortured God {Ice Str+4}
 48264 | Trove    | Identified the ring of Jikkadux {rC+ Will+}
 48271 | Trove    | Identified the ring "Bakloeq" {^Drain rN+ Int+2 Dex+4}
 48664 | Vaults:5 | Entered Level 5 of the Vaults
 48677 | Vaults:4 | Reached XP level 25. HP: 113/169 MP: 0/0
 48677 | Vaults:4 | Learned a level 9 spell: Death's Door
 49863 | Vaults:5 | Identified the +3 halberd of World Downfall {antimagic,
                  | rPois rN+++ Str-5 Int-5}
 49878 | Vaults:5 | Got a silver rune of Zot
 50256 | Vaults:5 | Identified the staff "Impbane" {^Contam ^Drain Fly Str+5
                  | Earth}
 50328 | Vaults:5 | Identified the +1 leather armour of Efeqakon {-Tele +Inv
                  | Int+3}
 50332 | Vaults:5 | Got Ranwyet's Octavo of the Map
 51328 | Depths:2 | Reached XP level 26. HP: 160/175 MP: 0/0
 51673 | Depths:1 | Voluntarily entered the Abyss.
 51673 | Abyss:1  | Found a corrupted altar of Lugonu.
 52095 | Depths:1 | Escaped the Abyss
 52234 | Depths:1 | Voluntarily entered the Abyss.
 52360 | Abyss:2  | Found a corrupted altar of Lugonu.
 52376 | Abyss:2  | Found a corrupted altar of Lugonu.
 52376 | Abyss:2  | Found a corrupted altar of Lugonu.
 52421 | Depths:1 | Escaped the Abyss
 52490 | Depths:1 | Voluntarily entered the Abyss.
 52666 | Abyss:3  | Noticed a dread lich
 52670 | Abyss:3  | Killed a dread lich
 52754 | Depths:1 | Escaped the Abyss
 52804 | Depths:1 | Voluntarily entered the Abyss.
 52893 | Abyss:3  | Paralysed by you for 1 turns
 53041 | Abyss:3  | Got an abyssal rune of Zot
 53069 | Depths:1 | Escaped the Abyss
 53977 | Depths:2 | Found a blossoming altar of Fedhas.
 54483 | Depths:3 | Reached XP level 27. HP: 171/181 MP: 0/0
 54483 | Depths:3 | Learned a level 9 spell: Shatter
 55097 | Depths:3 | Found a transporter.
 55169 | Depths:3 | Found a transporter.
 55208 | Depths:3 | Found Mobaf's Book Boutique.
 55492 | Depths:3 | Identified the ring "Gaxt" {rN+ rCorr Int+2}
 55509 | Depths:3 | Identified the ring "Pilacus" {rC+ rN+ Str-5 Int+3 Stlth+}
 57372 | Slime:2  | Noticed Dissolution
 57378 | Slime:3  | Killed Dissolution
 58346 | Slime:5  | Entered Level 5 of the Pits of Slime
 58395 | Slime:5  | Gained mutation: You are robust. (+10% HP) [a shining eye]
 59128 | Slime:5  | Noticed the Royal Jelly
 59235 | Slime:5  | Killed the Royal Jelly
 59360 | Slime:5  | Found the +10 zealot's sword {holy, Zealotry, *Rage rN+
                  | EV+3}
 59390 | Slime:5  | Identified the ring of Lugonu's Condemnation {^Contam Fly
                  | Str+2 Int+3 Dex+6}
 59412 | Slime:5  | Identified the +1 cloak of Hefuhock {Int-2 Dex+5}
 59415 | Slime:5  | Got a slimy rune of Zot
 59419 | Slime:5  | Identified the staff of Buxzohecy {Fly rElec Dex+2 Conj}
 59424 | Slime:5  | Identified the staff "Sarues" {rN+ Dex+3 Necro}
 61382 | Depths:4 | Entered Level 4 of the Depths
 61382 | Depths:4 | Found a broken altar of Ashenzari.
 61555 | Depths:4 | Identified the ring "Bijet" {Fly Str+3 Dex+2}
 61618 | Depths:4 | Found a one-way gateway to a ziggurat.
 61688 | Depths:4 | Identified the +8 battleaxe of Stained Guilt {speed, *Rage
                  | rC++}
 62129 | Depths:4 | Found a gate to the Realm of Zot.
 62620 | Zot:1    | Entered Level 1 of the Realm of Zot
 62622 | Zot:1    | Found the +4 dragonskin cloak
 62622 | Zot:1    | Noticed Tiamat
 62688 | Hell     | Entered the Vestibule of Hell
 62688 | Hell     | Noticed Geryon
 62697 | Hell     | Killed Geryon
 62946 | Hell     | Found a gateway to the ashen valley of Gehenna.
 63301 | Hell     | Found a gateway to the decaying netherworld of Tartarus.
 63402 | Hell     | Found a gateway to the freezing wastes of Cocytus.
 63538 | Hell     | Found a gateway to the Iron City of Dis.
 64321 | Depths:4 | Killed Tiamat
 64460 | Zot:1    | Noticed Parghit
 64636 | Zot:1    | Killed Parghit
 64726 | Zot:1    | Noticed an orb of fire
 64829 | Depths:4 | Killed an orb of fire
 65377 | Zot:1    | Identified the +2 cloak "Zehosau" {-Cast Harm rN+++ Dex-5}
 65380 | Zot:1    | Noticed Consul's ghost (legendary OpSh)
 65381 | Zot:1    | Found a bloodstained altar of Trog.
 65740 | Zot:1    | Found a transporter.
 65740 | Zot:1    | Found a transporter.
 65740 | Zot:1    | Identified the +0 cloak "Jukki" {Harm Regen+ rCorr}
 66093 | Zot:1    | Killed Consul's ghost
 66202 | Zot:1    | Identified the +0 leather armour of the Wary Violins
                  | {Will+++ Regen+ Int-2 Dex-2}
 66633 | Zot:2    | Identified the +0 chain mail "Quekoj" {Int+3 Dex-4}
 67319 | Zot:2    | Reached skill level 5 in Short Blades
 68342 | Zot:4    | Noticed Sofait's ghost (legendary GnFE)
 68395 | Zot:4    | Noticed a Killer Klown
 68398 | Zot:4    | Killed a Killer Klown
 68645 | Zot:4    | Reached skill level 15 in Evocations
 68653 | Zot:4    | Killed Sofait's ghost
 68814 | Zot:4    | Found a runed translucent gate.
 68816 | Zot:4    | Found a runed translucent gate.
 68818 | Zot:4    | Found a runed translucent gate.
 69256 | Zot:4    | Identified the +0 kite shield of Totz {rPois Will+}
 69598 | Zot:5    | Entered Level 5 of the Realm of Zot
 69948 | Zot:5    | Noticed an orb of fire
 69960 | Zot:5    | Noticed a Killer Klown
 69963 | Zot:5    | Killed a Killer Klown
 69965 | Zot:5    | Gained mutation: You occasionally lose the ability to read
                  | scrolls when taking damage. [an orb of fire]
 69965 | Zot:5    | Noticed an orb of fire
 69967 | Zot:5    | Killed an orb of fire
 70119 | Zot:5    | Noticed a Killer Klown
 70150 | Zot:5    | Noticed an orb of fire
 70153 | Zot:5    | Killed a Killer Klown
 70159 | Zot:5    | Noticed an orb of fire
 70160 | Zot:5    | Noticed an orb of fire
 70162 | Zot:5    | Killed an orb of fire
 70164 | Zot:5    | Noticed a Killer Klown
 70168 | Zot:5    | Killed a Killer Klown
 70171 | Zot:5    | Noticed a dread lich
 70178 | Zot:5    | Got the Orb of Zot
 70180 | Zot:5    | Noticed an orb of fire
 70185 | Zot:5    | Gained mutation: Your body sometimes deteriorates upon
                  | taking damage. [an orb of fire]
 70187 | Zot:5    | Noticed an orb of fire
 70205 | Zot:5    | Noticed an orb of fire
 70208 | Zot:5    | Noticed a dread lich
 70224 | Zot:5    | Killed a dread lich
 70384 | Depths:4 | Reached skill level 15 in Fighting
 70452 | Depths:2 | Noticed Sibos the pandemonium lord
 70474 | Depths:1 | Killed an ancient lich
 70475 | Depths:1 | Killed Dameikh's ghost
 70705 | D:12     | Noticed Holykioh the pandemonium lord
 70907 | D:2      | Noticed Bengaoch the pandemonium lord
 70915 | D:2      | Noticed Pimigrun the pandemonium lord
 70920 | D:2      | Killed Pimigrun the pandemonium lord
 70925 | D:2      | Killed Bengaoch the pandemonium lord
 71005 | D:$      | Escaped with the Orb!

Illustrated notes

Levels and vault maps discovered:
D:1:      dpeg_arrival_ternary, layout_basic
D:2:      layout_basic, basic_altar
D:3:      layout_rooms, nzn_wu_jian_contemplation, ebering_ghost_disaster_area
D:4:      layout_basic, temple_pool_b, uniq_robin
D:5:      layout_basic, serial_corexii_hall, corexii_hall_statues_x,
          chequers_hall_statues_corner_a
D:6:      layout_rooms, grunt_temple_overflow_opulence, uniq_edmund
D:7:      layout_rooms, minitemple, enter_bailey_2,
          hangedman_abyss_or_decor_lesser_grid, uniq_duvessa
D:8:      cheibrodos_quashed, layout_basic, uniq_pikel
D:9:      layout_roguey [special_room_kobold], nicolae_yredelemnul_ghost_church,
          ebering_ghost_gozag, uniq_maurice
D:10:     layout_layer_cave, grunt_qazlal_clouds, serial_shops,
          nicolae_shop_stone, hangedman_weighted_door, minmay_evil_grid
D:11:     layout_loops_ring, minmay_lair_entry_grove, david_orc_5
D:12:     layout_long_grid, serial_shops, nicolae_shop_just_a_little_nook,
          okawaru_altar_gauntlet_db, uniq_erolcha, uniq_nessos, uniq_sonja
D:13:     layout_loops_ring, serial_shops, shop, minivault_21
D:14:     layout_basic, david_vaults_2, minivault_26, special_room
          [special_room_orc], uniq_agnes, uniq_louise
D:15:     grunt_enter_depths_magical_seal, layout_irregular_city,
          gauntlet_entry_generic, serial_demonic, serial_demonic_f,
          serial_demonic_b, serial_demonic_f, serial_demonic_a,
          serial_demonic_e, serial_demonic_c, serial_demonic_e,
          serial_demonic_f, serial_demonic_b, serial_demonic_g
Temple:   nicolae_temple_x_marks_the_god
Lair:1:   layout_roguey, special_room [special_room_bee], grunt_megastairs_1,
          infiniplex_staircase_pool_2
Lair:2:   layout_regular_city, alex1729_swamp_entry_worm_eleionoma,
          grunt_megastairs_2, infiniplex_staircase_pool
Lair:3:   layout_regular_city, dummy_spider_entry, nicolae_volcano_entry_s_turn,
          serial_bayou_shore_a
Lair:4:   layout_misc_corridors, uniq_josephine
Lair:5:   wormcave, layout_gridlike, hangedman_lair_caniforms_friends,
          dpeg_slime_entry_enclosed, grunt_forest_large_clearing_hut,
          grunt_megastairs_4, lemuel_fruit_tree
Swamp:1:  layout_basic_swamp, portal_ice_cave_entry_ice_simulacra,
          evilmike_swamp_ruin_house_1, swamp_pool_1_2
Swamp:2:  layout_basic_swamp, evilmike_swamp_ruin_house_4
Swamp:3:  layout_basic_swamp, ebering_ghost_xom, nicolae_swamp_treefoil
Swamp:4:  swamp_fiery, layout_basic_swamp, hangedman_swamp_pad
Spider:1: layout_spider_delve
Spider:2: layout_spider_delve, nicolae_crawler_farm
Spider:3: layout_spider_delve, nicolae_spider_stair_cavern
Spider:4: spider_rune_water, special_room, nicolae_spider_paper_wasps
Slime:1:  layout_caves
Slime:2:  layout_caves, uniq_dissolution
Slime:3:  layout_caves
Slime:4:  layout_caves
Slime:5:  slime_pit_nicolae_royal_road_to_ruin
Orc:1:    layout_diamond_mine, gammafunk_ghost_stat_death, mines2_david
Orc:2:    pf_orc_diabolical, layout_caves, serial_shops,
          nicolae_shop_gibbet_a_chance, nicolae_shop_hallway_plus, shop, shop,
          shop, blackcustard_rock_pile
Elf:1:    nicolae_elf_arrival_aired_out, layout_loops_corners,
          hellmonk_ghost_happy_afterlife, nicolae_trove_entry_crossroad,
          minivault_28, minmay_crystal_room
Elf:2:    nicolae_elf_blades_splatter_lattice
          [nicolae_blade_entry_sentries_behind_glass], layout_loops_cross,
          serial_shops, shop, evilmike_spriggan_trog_shrine
Elf:3:    minmay_elf_hall_x, layout_geoelf_grid, serial_shops, shop,
          minmay_shoptagon, uniq_bai_suzhen
Vaults:1: nicolae_vaults_shipping_containers_7, v_misc_12,
          nicolae_vaults_double_plus_3, vaults_mumra_hex,
          vaults_room_large_hall, ontoclasm_vaults_hangar,
          nicolae_vaults_storage_closets_2, nicolae_vaults_house_1,
          dpeg_vaults_monster_box, layout_vaults_omnigrid
Vaults:2: nicolae_vaults_network_quinsquares
          [nicolae_vaults_network_quincunx_subvault,
          nicolae_vaults_network_quincunx_subvault,
          nicolae_vaults_network_quincunx_subvault,
          nicolae_vaults_network_quincunx_subvault],
          minmay_crypt_entry_simple_box, nicolae_vaults_trapezoid_lopsided_3,
          door_vault, vaults_room_pool, nicolae_vaults_double_plus_3,
          nicolae_vaults_more_shelving_2, nicolae_vaults_tetromino_T_1,
          nicolae_vaults_circle_grid_a, nicolae_vaults_ring_of_whatevers,
          nicolae_vaults_storage_room_doors, v_misc_18, vaults_standard_mumra_x,
          vaults_dpeg_cross, layout_vaults_maze_bifur, serial_shops,
          shop_statue, serial_glass
Vaults:3: nicolae_vaults_shipping_containers_1, hangedman_vaults_capsules,
          vaults_mumra_minichess, ontoclasm_vaults_pinch,
          nicolae_vaults_frosty_reception, hangedman_vaults_stagger,
          ontoclasm_vaults_gateway, nicolae_vaults_little_squares_2,
          nicolae_vaults_more_shelving_1, nicolae_vaults_storage_closets_3,
          grunt_vaults_hallway_short, nicolae_vaults_two_Ls,
          ontoclasm_vaults_ring_small, ontoclasm_vaults_ligature,
          nicolae_vaults_rhombus_7, ontoclasm_vaults_claustrophobia,
          layout_vaults_omnibox, uniq_mennas
Vaults:4: nicolae_vaults_taking_the_gang_shopping, v_misc_10, v_misc_28,
          v_misc_13, vaults_dpeg_ring, nicolae_vaults_tetromino_Z_1,
          vaults_dpeg_spiral, nicolae_vaults_mitosis,
          nicolae_vaults_stepped_doors, minmay_orc_keep, ontoclasm_vaults_fault,
          nicolae_vaults_little_squares_1, layout_vaults_ring, serial_shops,
          nicolae_shop_hallway_plus, uniq_zenata
Vaults:5: serial_shops
Depths:1: layout_gridlike, nicolae_abyss_entry_one_way_or_another,
          muffindrake_ghost_dual_entry, pan_entry, grunt_decor_one_mirror,
          pf_coc_iceberg, kennysheep_generic_room_16
Depths:2: kennysheep_scales, layout_basic, pan_entry, fedhas_altar_fruit_tree,
          hell_entry, grunt_potential, minmay_staircase_statues_hall_large,
          uniq_vv
Depths:3: gammafunk_its_a_trap, layout_basic, grunt_decor_cap, hell_entry,
          abyss_entry_small_statue_room, minmay_shop_grid_forest,
          ebering_dispersal_statue_hall, infiniplex_staircase_spiral_double
Depths:4: grunt_zot_entry_tricorne, layout_gridlike, enter_ziggurat_f,
          grunt_pan_entry_spiral, hell_entry, cheibrodos_ashenzari_chains
Hell
Zot:1:    hangedman_snap_crack_crunch, layout_onion,
          gammafunk_ghost_wrathful_warriors, uniq_tiamat, uniq_parghit
Zot:2:    layout_gridlike, regret_index_zotdec_banners,
          regret_index_zotdec_slimy_original, st_single_dragon_hoard_1
Zot:3:    layout_onion_interference
Zot:4:    layout_gridlike, gammafunk_ghost_split
Zot:5:    layout_misc_corridors

Skill      XL: |  1  2  3  4  5  6  7  8  9 10 11 12 13 14 15 16 17 18 19 20 21 22 23 24 25 26 27 |
---------------+----------------------------------------------------------------------------------+-----
Stealth        | 2 4 8 11 13 | 13.7
Ranged Weapons | 1 2 |  2.3
Spellcasting   | 4 5 6 7 9 10 11 12 13 14 15 16 17 19 20 21 22 23 24 26 | 26.9
Conjurations   | 4 5 6 7 9 10 11 12 13 14 15 16 17 19 20 21 22 23 24 26 | 26.9
Hexes          | 4 5 6 7 9 10 11 12 13 14 15 16 17 19 20 21 22 23 24 26 | 26.9
Summonings     | 4 5 6 7 9 10 11 12 13 14 15 16 17 19 20 21 22 23 24 26 | 26.9
Necromancy     | 4 5 6 7 9 10 11 12 13 14 15 16 17 19 20 21 22 23 24 26 | 26.9
Translocations | 4 5 6 7 9 10 11 12 13 14 15 16 17 19 20 21 22 23 24 26 | 26.9
Fire Magic     | 4 5 6 7 9 10 11 12 13 14 15 16 17 19 20 21 22 23 24 26 | 26.9
Ice Magic      | 4 5 6 7 9 10 11 12 13 14 15 16 17 19 20 21 22 23 24 26 | 26.9
Air Magic      | 4 5 6 7 9 10 11 12 13 14 15 16 17 19 20 21 22 23 24 26 | 26.9
Earth Magic    | 4 5 6 7 9 10 11 12 13 14 15 16 17 19 20 21 22 23 24 26 | 26.9
Alchemy        | 4 5 6 7 9 10 11 12 13 14 15 16 17 19 20 21 22 23 24 26 | 26.9
Fighting       | 2 5 7 9 11 12 15 | 15.1
Dodging        | 3 4 7 9 12 15 16 19 | 19.7
Armour         | 3 5 6 8 10 11 12 13 | 13.9
Evocations     | 3 4 7 9 10 12 16 | 16.3
Shields        | 2 6 8 10 11 13 14 15 16 17 18 19 20 23 | 23.3
Short Blades   | 1 2 4 5 |  5.2
Axes           | 1 |  1.2
Throwing       | |  0.8

Action                     |  1- 3 |  4- 6 |  7- 9 | 10-12 | 13-15 | 16-18 | 19-21 | 22-24 | 25-27 || total
---------------------------+-------+-------+-------+-------+-------+-------+-------+-------+-------++-------
  Melee: Short sword       |       |       |     1 |     3 |       |       |       |       |       ||     4
         Dagger            |       |       |       |    17 |    81 |     3 |       |       |       ||   101
         Broad axe         |       |       |       |       |       |     8 |    10 |       |       ||    18
         Rapier            |       |       |       |       |       |       |       |     7 |     5 ||    12
   Fire: Sling             |    28 |    23 |       |       |       |       |       |       |       ||    51
  Throw: Dart              |       |       |       |     3 |       |     1 |       |       |       ||     4
         Boomerang         |       |       |       |       |     4 |       |       |       |       ||     4
         Javelin           |       |       |       |       |       |       |       |     1 |       ||     1
   Cast: Foxfire           |    42 |    40 |    81 |   265 |   367 |    51 |       |       |       ||   846
         Scorch            |     1 |    21 |    45 |   244 |   422 |    35 |       |       |       ||   768
         Volatile Blastmot |       |    13 |    17 |    40 |    65 |     2 |       |       |       ||   137
         Flame Wave        |       |       |     3 |     5 |    58 |     4 |       |       |       ||    70
         Summon Ice Beast  |       |       |     1 |    10 |    17 |    11 |     2 |     4 |       ||    45
         Ensorcelled Hiber |       |       |     1 |    13 |     7 |       |       |     1 |       ||    22
         Inner Flame       |       |       |       |     3 |     2 |       |       |       |       ||     5
         Freeze            |       |       |       |     9 |    42 |     9 |       |       |       ||    60
         Iskenderun's Myst |       |       |       |       |     5 |    35 |    65 |    12 |    25 ||   142
         Starburst         |       |       |       |       |       |   194 |    23 |    42 |   121 ||   380
         Plasma Beam       |       |       |       |       |       |   307 |   513 |   403 |  1092 ||  2315
         Conjure Ball Ligh |       |       |       |       |       |       |     2 |     1 |       ||     3
         Discord           |       |       |       |       |       |       |       |     9 |     2 ||    11
         Shatter           |       |       |       |       |       |       |       |       |   186 ||   186
         Death's Door      |       |       |       |       |       |       |       |       |     1 ||     1
 Invoke: Call Merchant     |       |       |       |     1 |     2 |     2 |     4 |     3 |       ||    12
         Potion Petition   |       |       |       |       |       |       |       |       |     6 ||     6
  Evoke: Wand              |       |       |       |     4 |       |     1 |       |     3 |     2 ||    10
         Lightning rod     |       |       |       |     3 |       |       |       |       |     4 ||     7
         Horn of Geryon    |       |       |       |       |       |       |       |       |     1 ||     1
         Phantom mirror    |       |       |       |       |       |       |       |       |     1 ||     1
    Use: Scroll            |       |       |       |     9 |    10 |     6 |    10 |     4 |    19 ||    58
         Potion            |       |       |       |       |       |     4 |       |       |     6 ||    10
   Stab: Sleeping          |       |       |     1 |     7 |     6 |       |     2 |       |       ||    16
         Distracted        |       |       |       |       |     1 |       |       |     1 |     1 ||     3
 Armour: Robe              |     6 |     8 |    11 |    10 |       |       |       |       |       ||    35
         Ring mail         |       |       |    10 |    25 |       |       |       |       |       ||    35
         Leather armour    |       |       |       |    32 |       |    98 |    72 |    47 |   245 ||   494
         Chain mail        |       |       |       |   267 |   545 |     9 |       |       |       ||   821
  Dodge: Dodged            |     4 |     8 |    11 |    64 |    89 |    43 |    41 |    42 |   244 ||   546
  Block: Kite shield       |       |       |       |   151 |   452 |    63 |       |       |       ||   666
         Reflection        |       |       |       |       |     4 |    32 |    22 |    21 |    27 ||   106
         Tower shield      |       |       |       |       |       |    94 |   139 |   144 |   557 ||   934
